 Dungeon Crawl Stone Soup version 0.27.0-1-g7a089689b8 (webtiles) character file.

Game seed: 4992536295860878500

39 fiver49 the Chopper (level 3, -1/27 HPs)
             Began as a Formicid Warper on Aug 2, 2021.
             Slain by a gnoll (5 damage)
             ... on level 1 of the Dungeon.
             The game lasted 00:02:45 (1568 turns).

fiver49 the Chopper (Formicid Warper)               Turns: 1568, Time: 00:02:46

Health: -1/27      AC:  3    Str: 16    XL:     3   Next: 70%
Magic:  6/6        EV: 11    Int: 12    God:
Gold:   108        SH:  0    Dex: 10    Spells: 6/6 levels left

rFire    . . .     SeeInvis +   d - +0 dagger (elec)
rCold    . . .     Faith    .   (no shield)
rNeg     . . .     Spirit   .   b - +0 leather armour
rPois    .         Reflect  .   (helmet unavailable)
rElec    .         Harm     .   (no cloak)
rCorr    .         Rampage  .   (no gloves)
Will     .....                  (no boots)
Stlth    +.........             (no amulet)
HPRegen  0.09/turn              (no ring)
MPRegen  0.10/turn              (no ring)

@: no status effects
A: permanent stasis, dig shafts and tunnels, antennae 3, four strong arms
a: Dig, Shaft Self


You were on level 1 of the Dungeon.
You visited 1 branch of the dungeon, and saw 2 of its levels.

You collected 108 gold pieces.

Inventory:

Hand Weapons
 a - a +0 hand axe
 d - a +0 dagger of electrocution (weapon)
Missiles
 c - 3 boomerangs of dispersal (quivered)
Armour
 b - a +0 leather armour (worn)
Jewellery
 j - a ring of resist corrosion
Scrolls
 e - a scroll of enchant armour {unknown}
 g - a scroll of fear {unknown}
Potions
 f - 2 potions of haste {unknown}
 h - a potion of brilliance {unknown}
 i - a potion of invisibility {unknown}


   Skills:
 - Level 2.1 Fighting
 + Level 3.8 Axes
 - Level 1.0 Throwing
 - Level 1.1 Armour
 - Level 1.7 Dodging
 - Level 2.1 Spellcasting
 - Level 2.6 Translocations


You had 6 spell levels left.
You didn't know any spells.
Your spell library contained the following spells:

 Spells                   Type           Power      Damage    Failure   Level
 Summon Small Mammal      Summ           4%         N/A       32%         1
 Gell's Gravitas          Tloc           3%         N/A       32%         3
 Lesser Beckoning         Tloc           3%         N/A       32%         3
 Teleport Other           Tloc           7%         N/A       32%         3
 Call Canine Familiar     Summ           1%         N/A       69%         3
 Summon Guardian Golem    Hex/Summ       1%         N/A       69%         3
 Manifold Assault         Tloc           7%         N/A       97%         5
 Blink                    Tloc           Unusable   N/A       N/A         2

Dungeon Overview and Level Annotations

Branches:
Dungeon (2/15)

Altars:

Annotations:
D:2 Jessica


Innate Abilities, Weirdness & Mutations

You cannot be hasted, slowed, berserked, paralysed or teleported.
You can dig through walls and to a lower floor.
You have a pair of large antennae on your head. (SInv)
Your four strong arms can wield two-handed weapons with a shield.


Message History

You climb downwards.
Level annotation: Jessica
There is a stone staircase leading up here.
There is an open door here.
You open the door.
Found an escape hatch in the ceiling.
There is an open door here.
You open the door.
There is an open door here.
The gnoll shouts!
A gnoll is nearby!
A gnoll comes into view. It is wielding a +0 whip.
You hear the crackle of electricity.
d - a +0 dagger of electrocution (weapon)
The gnoll shouts!
A gnoll comes into view. It is wielding a +0 spear.
The gnoll hits you with a +0 club.
A gnoll comes into view. It is wielding a +0 flail.
You closely miss the gnoll.
The gnoll shouts!
The gnoll hits you with a +0 club. The gnoll completely misses you.
There is an open door here.
There is an escape hatch in the ceiling here.
The gnoll barely misses you.
The gnoll hits you from afar with a +0 spear.
A mysterious force pulls you upwards. The hatch slams shut behind you.
You hit the gnoll but do no damage. The gnoll hits you with a +0 club.
You hit the gnoll. Lightning courses through the gnoll!
The gnoll is almost dead.
The gnoll hits you with a +0 club.
* * * LOW HITPOINT WARNING * * *
You closely miss the gnoll.
The gnoll is almost dead.
The gnoll hits you with a +0 club.
* * * LOW HITPOINT WARNING * * *
You hit the gnoll but do no damage.
The gnoll is almost dead.
The gnoll hits you with a +0 club.
You die...

##...........######..#####
##........................
#.........................
#.>........#....#..####...
#.........................
#................##..#....
#...................#.....
##.....................###
##......@g.........######
##.#..............# #.
####.#.[..........#######.
#....#...........≈≈≈≈≈≈≈≈.
#.......#.......>≈####≈≈≈.
#.....#..........≈#⌠.####'
#................≈#..'....
####.............≈##'####'
#######..............≈≈#.#....


You could see a gnoll.

Vanquished Creatures
  An adder (D:2)
  A dart slug (D:1)
  7 ball pythons
  3 bats (D:1)
  An endoplasm (D:2)
  3 hobgoblins
  3 kobolds
  2 quokkas (D:1)
  3 frilled lizards
  A goblin (D:2)
  4 rats (D:1)
29 creatures vanquished.

Notes
Turn   | Place    | Note
-------+----------+-------------------------------------------
     0 | D:1      | fiver49 the Formicid Warper began the quest for the Orb.
     0 | D:1      | Reached XP level 1. HP: 16/16 MP: 3/3
   312 | D:1      | Reached XP level 2. HP: 18/22 MP: 5/5
   458 | D:1      | Reached skill level 3 in Axes
   918 | D:2      | Reached XP level 3. HP: 27/27 MP: 6/6
  1245 | D:2      | Noticed Jessica
  1568 | D:1      | Slain by a gnoll

Illustrated notes

Levels and vault maps discovered:
D:1:      heliophobic_arrival_glass_houses, layout_rooms, minmay_nonomino_d4
D:2:      layout_basic, uniq_jessica

Skill      XL: |  1  2 |
---------------+-------+-----
Axes           | 3 |  3.8
Fighting       | |  2.1
Throwing       | |  1.0
Armour         | |  1.1
Dodging        | |  1.7
Spellcasting   | |  2.1
Translocations | |  2.6

Action                   || total
-------------------------++-------
Melee: Hand axe          ||    79
       Dagger            ||     5
Throw: Boomerang         ||     2
 Abil: Dig               ||     1
Armor: Leather armour    ||    29
Dodge: Dodged            ||    79
